 Dungeon Crawl Stone Soup version 0.29.1-1-gd02db6906a (webtiles) character file.

Game seed: 766299871474423419

1 idk333 the Sneak (level 1, -1/15 HPs)
             Began as a Naga Enchanter on Sept 23, 2022.
             Slain by a hobgoblin (2 damage)
             ... on level 1 of the Dungeon.
             The game lasted 00:00:41 (70 turns).

idk333 the Sneak (Naga Enchanter)                     Turns: 70, Time: 00:00:42

Health: -1/15      AC:  1    Str: 10    XL:     1   Next: 20%
Magic:  3/3        EV:  9    Int: 15    God:
Gold:   0          SH:  0    Dex: 11    Spells: 4/4 levels left

rFire   . . .      SeeInvis +   a - +1 dagger
rCold   . . .      Faith    .   (no shield)
rNeg    . . .      Spirit   .   b - +0 robe
rPois   +          Reflect  .   (no helmet)
rElec   .          Harm     .   (no cloak)
rCorr   .          Rampage  .   (no gloves)
Will    .....                   (no barding)
Stlth   ++........              (no amulet)
HPRegen 0.05/turn               (no ring)
MPRegen 0.08/turn               (no ring)

@: very slow
A: AC +0, large, see invisible, deformed body, poison resistance, slowness 2,
spit poison 1, naga tail 1
a: Spit Poison


You were on level 1 of the Dungeon.
You visited 1 branch of the dungeon, and saw 1 of its levels.

Inventory:

Hand Weapons
 a - a +1 dagger (weapon)
Armour
 b - a +0 robe (worn)
Scrolls
 d - a scroll of teleportation {unknown}
Potions
 c - 2 potions of invisibility


   Skills:
 + Level 0.2 Fighting
 + Level 1.0 Short Blades
 + Level 1.5 Dodging
 + Level 4.4 Stealth
 + Level 2.0 Spellcasting
 + Level 3.0 Hexes


You had 4 spell levels left.
You didn't know any spells.
Your spell library contained the following spells:

 Spells                   Type           Power      Damage    Failure   Level
 Ensorcelled Hibernation  Hex/Ice        12%        N/A       19%         2
 Confusing Touch          Hex            10%        N/A       19%         3
 Tukima's Dance           Hex            10%        N/A       19%         3
 Dazzling Flash           Conj/Hex       12%        N/A       34%         3


Dungeon Overview and Level Annotations

Branches:
Dungeon (1/15)

Altars:


Innate Abilities, Weirdness & Mutations

Your serpentine skin is tough. (AC +0)
You have supernaturally acute eyesight. (SInv)
Armour fits poorly on your strangely shaped body.
Your system is resistant to poisons. (rPois)
You cover ground very slowly.
You can spit poison.
You have a snake-like lower body.


Message History

d - a scroll labelled ZILLOIRHEU A hobgoblin comes into view.
A dart slug comes into view.
A quokka and a frilled lizard come into view.
The frilled lizard hisses angrily.
You hear a shout!
A bat comes into view.
The quokka twitches its whiskers.
A hobgoblin comes into view.
The hobgoblin moves out of view.
The dart slug bites you. The frilled lizard closely misses you.
The frilled lizard bites you. The dart slug bites you.
The frilled lizard bites you but does no damage.
The frilled lizard barely misses you. x2
The frilled lizard attacks as you move away!
The frilled lizard barely misses you.
Found 2 red potions.
The frilled lizard attacks as you move away!
The frilled lizard closely misses you. x2
The frilled lizard attacks as you move away!
The frilled lizard barely misses you.
Found a scroll labelled WIEL NUGUXIMP.
You hit the bat.
You kill the bat!
The frilled lizard bites you.
You hit the dart slug but do no damage. The frilled lizard bites you.
You hit the dart slug.
The dart slug is lightly wounded.
The frilled lizard bites you. The dart slug bites you.
Welcome back, idk333 the Naga Enchanter.
Press ? for a list of commands and other information.
The frilled lizard bites you.
* * * LOW HITPOINT WARNING * * *
You closely miss the frilled lizard. The frilled lizard barely misses you.
The hobgoblin closely misses you.
You hit the frilled lizard.
You kill the frilled lizard!
The hobgoblin hits you.
* * * LOW HITPOINT WARNING * * *
The hobgoblin attacks as you move away! The hobgoblin hits you.
You die...

#!#....g..##...#####
#.#.##.##.####......
#...#.#.#..# ###..##
#...#b .#..# .....#
#...#. .#..##.###.#
#.#w##.##.... ...
#.#.gg# ..#.. ####
#.gr#..g...
##.@####...
##........ ######...


You could see a dart slug, a quokka and 2 hobgoblins.

Vanquished Creatures
  A bat (D:1)
  A frilled lizard (D:1)
2 creatures vanquished.

Notes
Turn   | Place    | Note
-------+----------+-------------------------------------------
     0 | D:1      | idk333 the Naga Enchanter began the quest for the Orb.
     0 | D:1      | Reached XP level 1. HP: 15/15 MP: 3/3
    70 | D:1      | Slain by a hobgoblin

Illustrated notes

Levels and vault maps discovered:
D:1:      dpeg_arrival_tiny_d, layout_rooms, serial_shops,
          nicolae_shop_bloodbath_and_beyond, chequers_serial_rivers_micro_e,
          minmay_distorted

Action                   || total
-------------------------++-------
Melee: Dagger            ||     5
Armor: Robe              ||     1
Dodge: Dodged            ||     9
